 Dungeon Crawl Stone Soup version 0.25.0-26-g0c896c7088 (webtiles) character file.

Game seed: 5243367452233759352

197141 AnneSejuta the Warrior (level 18, 0/124 HPs)
             Began as a Gargoyle Fighter on June 28, 2020.
             Was a High Priest of Cheibriados.
             Slain by a monstrous demonspawn (5 damage)
             ... summoned by old memories
             ... in a wizard's laboratory on July 3, 2020.
             The game lasted 03:14:47 (39348 turns).

AnneSejuta the Warrior (Gargoyle Fighter)          Turns: 39348, Time: 03:14:48

Health: 0/124      AC: 30    Str: 36    XL:     18   Next: 39%
Magic:  31/31      EV: 22    Int: 29    God:    Cheibriados [*****.]
Gold:   499        SH: 11    Dex: 25    Spells: 17/17 levels left

rFire    + . .     SeeInvis +   l - +5 flail (drain)
rCold    + . .     Gourm    .   N - +2 buckler {rC+}
rNeg     + . .     Faith    .   K - +1 scale mail {rF+}
rPois    ∞         Spirit   .   (helmet restricted)
rElec    +         Reflect  .   B - +0 cloak
rCorr    .         Harm     .   (no gloves)
MR       +....                  L - +0 pair of boots
Stlth    +++.......             t - amulet of the acrobat
HPRegen  0.30/turn              V - ring of Shadows {Umbra +Inv Stlth+}
MPRegen  0.22/turn              W - ring of see invisible

@: wreathed by umbra, studying 2 skills, very slow
A: antennae 1, big wings, molten scales 1, thin skeletal structure 1, dopey 1,
high mp 1, negative energy resistance 1, shaggy fur 1, electricity resistance,
strong 1, unbreathing, petrification resistance, rot immunity, MP-powered wands,
AC +13
}: 1/15 runes: decaying
a: Fly, Bend Time, Temporal Distortion, Slouch, Step From Time, Renounce
Religion, Evoke Invisibility


You were in a wizard's laboratory.
You worshipped Cheibriados.
Cheibriados was extremely pleased with you.
You were hungry.

You visited 7 branches of the dungeon, and saw 30 of its levels.
You visited the Abyss 3 times.
You visited 1 bazaar.
You also visited: Ossuary, Ice Cave and Wizlab.

You collected 2997 gold pieces.
You spent 2498 gold pieces at shops.

Inventory:

Hand Weapons
 k - a +0 morningstar of freezing
 l - a +5 flail of draining (weapon)
 G - a +4 sacred scourge of holy wrath
Missiles
 w - 42 boomerangs (quivered)
Armour
 B - a +0 cloak (worn)
 K - a +1 scale mail of fire resistance (worn)
 L - a +0 pair of boots (worn)
 N - a +2 buckler of cold resistance (worn)
Jewellery
 a - an uncursed ring of resist corrosion
 t - an amulet of the acrobat (around neck)
 V - the ring of Shadows (left hand) {Umbra +Inv Stlth+}
   (You bought it in a shop on level 2 of the Orcish Mines)

   [ring of stealth]

   It lets you turn invisible.
   It makes you more stealthy.
 W - a ring of see invisible (right hand)
Wands
 b - a wand of disintegration (15)
 i - a wand of paralysis (22)
 m - a wand of enslavement (7)
 n - a wand of digging (4)
 r - a wand of clouds (9)
 x - a wand of flame (42)
 J - a wand of acid (17)
 M - a wand of iceblast (36)
 O - a wand of polymorph (13)
Scrolls
 c - a scroll of enchant armour
 e - 4 scrolls of blinking
 j - 2 scrolls of enchant weapon
 p - 4 scrolls of fear
 q - 3 scrolls of remove curse
 z - 9 scrolls of teleportation
 C - 8 scrolls of identify
 F - a scroll of summoning
 H - a scroll of magic mapping
 I - 3 scrolls of fog
Potions
 d - 2 potions of might
 g - 10 potions of curing
 o - 5 potions of stabbing
 s - 2 potions of brilliance
 A - 2 potions of invisibility
Books
 u - a manual of Dodging
 y - a manual of Shields
Miscellaneous
 h - 2 phantom mirrors
 P - a lightning rod (4/4)
Comestibles
 f - 29 rations


   Skills:
 + Level 17.5 Fighting
 + Level 16.4 Maces & Flails
 + Level 13.0 Armour
 + Level 11.1 Dodging
 + Level 14.9 Shields
 - Level 13.6 Invocations
 + Level 2.0 Evocations


You had 17 spell levels left.
You didn't know any spells.
Your spell library contained the following spells:

 Spells                   Type           Power        Failure   Level  Hunger
 Animate Skeleton         Necr           N/A          16%         1    ##.....
 Beastly Appendage        Tmut           #.....       16%         1    ##.....
 Corona                   Hex            #......      16%         1    ##.....
 Foxfire                  Conj/Fire      #...         16%         1    ##.....
 Infusion                 Chrm           #...         16%         1    ##.....
 Magic Dart               Conj           #...         16%         1    ##.....
 Sandblast                Erth           #.....       16%         1    ##.....
 Summon Small Mammal      Summ           #...         16%         1    ##.....
 Blink                    Tloc           N/A          24%         2    ###....
 Call Imp                 Summ           #.......     24%         2    ###....
 Ensorcelled Hibernation  Hex/Ice        #.....       24%         2    ###....
 Passwall                 Tmut/Erth      #.......     24%         2    ###....
 Shroud of Golubria       Chrm/Tloc      #.....       24%         2    ###....
 Slow                     Hex            #.......     24%         2    ###....
 Song of Slaying          Chrm           #.......     24%         2    ###....
 Sticks to Snakes         Tmut           #.......     24%         2    ###....
 Call Canine Familiar     Summ           #.......     43%         3    ####...
 Confusing Touch          Hex            #.......     43%         3    ####...
 Conjure Flame            Conj/Fire      #.......     43%         3    ####...
 Dazzling Flash           Conj/Hex       #.....       43%         3    ####...
 Inner Flame              Hex/Fire       #.......     43%         3    ####...
 Mephitic Cloud           Conj/Pois/Air  #.......     43%         3    ####...
 Ozocubu's Armour         Chrm/Ice       #.......     43%         3    ####...
 Portal Projectile        Hex/Tloc       #.....       43%         3    ####...
 Spectral Weapon          Hex/Chrm       #.......     43%         3    ####...
 Spider Form              Tmut/Pois      #.........   43%         3    ####...
 Stone Arrow              Conj/Erth      #.....       43%         3    ####...
 Summon Guardian Golem    Hex/Summ       #.......     43%         3    ####...
 Tukima's Dance           Hex            #.......     43%         3    ####...
 Cause Fear               Hex            #.........   85%         4    #####..
 Ice Form                 Ice/Tmut       #.......     85%         4    #####..
 Leda's Liquefaction      Hex/Erth       #.........   85%         4    #####..
 Petrify                  Tmut/Erth      #.......     85%         4    #####..
 Sticky Flame             Conj/Fire      #.......     85%         4    #####..
 Summon Ice Beast         Ice/Summ       #.......     85%         4    #####..
 Summon Lightning Spire   Summ/Air       #.......     85%         4    #####..
 Agony                    Necr           #.......     99%         5    ######.
 Blade Hands              Tmut           #.........   99%         5    ######.
 Fireball                 Conj/Fire      #.........   99%         5    ######.
 Lee's Rapid Deconstruct  Erth           #.........   99%         5    ######.
 Metabolic Englaciation   Hex/Ice        #.........   99%         5    ######.
 Silence                  Hex/Air        #.........   99%         5    ######.
 Summon Mana Viper        Hex/Summ       #.......     99%         5    ######.
 Yara's Violent Unravell  Hex/Tmut       #.........   99%         5    ######.
 Conjure Ball Lightning   Conj/Air       #.........   100%        6    #######
 Freezing Cloud           Conj/Ice/Air   #.........   100%        6    #######
 Ozocubu's Refrigeration  Ice            #.........   100%        6    #######
 Simulacrum               Ice/Necr       #.........   100%        6    #######
 Discord                  Hex            #.........   100%        8    #######
 Tornado                  Air            #.........   100%        9    #######


Dungeon Overview and Level Annotations

Branches:
Dungeon (15/15)            Temple (1/1) D:7            Lair (6/6) D:8
  Swamp (4/4) Lair:2       Spider (1/4) Lair:2        Slime (0/5) Lair:5
    Orc (2/2) D:10            Elf (1/3) Orc:2        Vaults (0/5) D:13
 Depths (0/5) D:15        Ossuary (visited)           IceCv (visited)
 WizLab (1/1)

Altars:
Ashenzari
Cheibriados
Dithmenos
Elyvilon
Fedhas
Gozag
Hepliaklqana
Kikubaaqudgha
Makhleb
Nemelex Xobeh
Okawaru
Qazlal
Ru
Sif Muna
Trog
Uskayaw
Vehumet
Wu Jian
Xom
Yredelemnul
Zin
The Shining One

Shops:
D:5 }   D:6 (   D:7 (   Orc:2 =(*[=


Innate Abilities, Weirdness & Mutations

You are resistant to torment.
Your stone body is resilient. (AC +13)
You are immune to poison.
Your large and strong wings let you fly indefinitely.
You resist negative energy. (rN+)
You are resistant to electric shocks. (rElec)
You can survive without breathing.
You are immune to petrification.
You are immune to rotting.
You have a pair of small antennae on your head.
You are partially covered in molten scales. (AC +2)
You have a somewhat thin skeletal structure. (Dex +2, Stealth)
You are dopey. (Int -2)
You have an increased reservoir of magic. (+10% MP)
You are covered in fur. (AC +1)
Your muscles are strong. (Str +2)
You expend magic power (3 MP) to strengthen your wands.


Message History

The grey draconian monk tail-slaps you but does no damage.
Your grey draconian monk closely misses the grey draconian monk.
Your grey draconian monk barely misses the grey draconian monk. x2
Your grey draconian monk tail-slaps the grey draconian monk.
The monstrous demonspawn misses you.
You block the monstrous demonspawn's attack.
The monstrous demonspawn completely misses you.
Your monstrous demonspawn hits the monstrous demonspawn!
Your monstrous demonspawn completely misses the monstrous demonspawn.
Your monstrous demonspawn closely misses the monstrous demonspawn.
You feel better. The grey draconian monk hits you!
* * * LOW HITPOINT WARNING * * *
The grey draconian monk kicks you but does no damage.
You block the grey draconian monk's attack.
The grey draconian monk barely misses you.
Your grey draconian monk closely misses the grey draconian monk.
Your grey draconian monk kicks the grey draconian monk but does no damage.
Your grey draconian monk tail-slaps the grey draconian monk but does no damage. x2
The monstrous demonspawn hits you.
You die...

♣♣...♣. ♣♣♣.....♣♣♣♣
...........♣♣
.....8......♣♣ #####
............♣##...##
............'..∩..#
♣q..6..♣♣##...##
♣♣q6..♣♣ #####
♣@♣♣♣♣ ♣♣♣


You could see a grey draconian monk (summoned, drained), a monstrous demonspawn
(summoned), a friendly grey draconian monk (summoned, drained) and a friendly
monstrous demonspawn (summoned, drained).

Vanquished Creatures
  2 bone dragons
  7 tentacled starspawn
  Frances (D:12)
  A thorn hunter (Swamp:4)
  A revenant (Abyss:1)
  2 orc warlords
  An angel (D:5)
  An emperor scorpion (Spider:1)
  2 very ugly things (Abyss:1)
  Azrael (D:12)
  A blizzard demon (Abyss:1)
  A green death (Abyss:3)
  3 ogre magi
  A quicksilver dragon zombie (Abyss:3)
  A rakshasa (Abyss:1)
  2 ice dragons (IceCv)
  Harold (D:9)
  Josephine (D:12)
  3 ghost crabs
  24 hydras
  5 centaur warriors
  A catoblepas (D:13)
  Erica (D:9)
  3 dancing weapons
  4 two-headed ogres
  7 alligators
  A tengu warrior (D:13)
  3 orc high priests
  2 thrashing horrors (Abyss:1)
  Sonja (Orc:1)
  A sun demon (Abyss:1)
  A sixfirhy (Abyss:1)
  2 wretched stars (Abyss:1)
  2 spriggan druids
  An unseen horror (D:13)
  16 wizards
  A deep elf archer (Elf:1)
  8 swamp dragons
  3 wolf spider zombies
  A necromancer (D:15)
  8 orc sorcerers
  3 ugly things
  4 orc knights
  An orb spider (Spider:1)
  15 deep elf magi
  A frost giant zombie (Abyss:1)
  5 cyclopes
  2 worldbinders (Abyss:3)
  2 manticores
  4 wolf spiders (Spider:1)
  A fire giant skeleton (Abyss:1)
  4 black mambas
  3 elephants (Lair:6)
  2 naga magi (D:15)
  An apocalypse crab (Abyss:3)
  3 smoke demons (Abyss:3)
  2 ice statues (IceCv)
  A dire elephant skeleton (Abyss:3)
  38 spiny frogs
  2 torpor snails (Lair:6)
  Psyche (D:8)
  3 centaur skeletons
  Maggie (D:6)
  A spiny frog (shapeshifter) (D:13)
  2 rime drakes (IceCv)
  5 komodo dragons
  2 efreet
  A yaktaur (shapeshifter) (D:13)
  4 jumping spiders (Spider:1)
  A freezing wraith (D:15)
  5 demonic crawlers (Spider:1)
  An ancient zyme (Abyss:3)
  12 tyrant leeches
  8 trolls
  Grinder (D:5)
  10 slime creatures
  A harpy skeleton (D:15)
  Prince Ribbit (D:5)
  2 hornets (Swamp:2)
  9 hippogriffs
  29 blink frogs
  9 bog bodies
  6 raiju
  3 redbacks (Spider:1)
  4 ynoxinuls (Abyss:1)
  3 flying skulls (Abyss:3)
  2 vampires
  60 yaks
  5 wraiths
  3 spriggans
  2 shadows
  13 large abominations
  2 tarantellas (Spider:1)
  2 wyverns
  A steam dragon (D:11)
  8 basilisks
  A hungry ghost (D:11)
  4 fire elementals (D:12)
  7 small abominations (Abyss:1)
  3 neqoxecs
  20 vampire mosquitoes
  2 chaos spawn
  Menkaure (D:5)
  3 wargs
  10 insubstantial wisps
  13 swamp worms
  11 water moccasins
  4 hell hounds (D:12)
  8 porcupines
  14 swamp drakes
  A hornet zombie (D:13)
  3 sky beasts
  20 ice beasts
  38 orc warriors
  3 eyes of draining
  2 black bears (D:12)
  A fire dragon simulacrum (Abyss:1)
  16 ogres
  A phantom (D:8)
  2 necrophages
  4 wolves (Lair:4)
  4 boggarts (D:14)
  7 centaurs
  13 crocodiles
  2 big kobolds
  19 bullfrogs
  3 water moccasin zombies (Ossuary)
  A scorpion (D:8)
  16 killer bees
  9 electric eels
  8 wights
  7 howler monkeys
  8 crimson imps
  2 bullfrog zombies
  6 starcursed masses (Abyss:3)
  3 jellies
  An iron imp (Abyss:1)
  3 centaur zombies
  5 hounds
  29 orc wizards
  4 bullfrog skeletons
  17 orc priests
  2 iguanas (D:13)
  8 worker ants
  7 big kobold zombies (Ossuary)
  2 mummies (Ossuary)
  A hound skeleton (D:5)
  7 gnolls
  8 adders
  5 shadow imps
  3 white imps
  An ufetubus (Abyss:1)
  2 oozes
  5 adder zombies (Ossuary)
  2 adder skeletons
  4 worms
  2 dart slugs
  3 leopard geckos
  100 orcs
  8 ball pythons
  4 bats
  4 giant cockroaches
  10 goblins
  7 hobgoblins
  16 jackals
  7 quokkas
  3 frilled lizards
  A giant cockroach zombie (D:6)
  A gnoll zombie (Ossuary)
  7 hobgoblin zombies (Ossuary)
  19 kobolds
  5 kobold zombies (Ossuary)
  A leopard gecko skeleton (D:5)
  7 orc zombies (Ossuary)
  A quokka skeleton (D:5)
  6 rats
  3 briar patches (Swamp:4)
1077 creatures vanquished.

Vanquished Creatures (others)
  Erolcha (D:9)
  2 spriggan druids (Swamp:4)
  Joseph (D:9)
  A tyrant leech (Swamp:2)
  A hornet (Swamp:4)
  2 spriggans (Swamp:4)
  A swamp worm (Swamp:4)
  A swamp drake (Swamp:2)
  A sky beast (D:9)
  2 kobolds (D:13)
  10 fungi
  45 plants
  22 starspawn tentacles
90 creatures vanquished.

Grand Total: 1167 creatures vanquished

Notes
Turn   | Place    | Note
-------+----------+-------------------------------------------
     0 | D:1      | AnneSejuta the Gargoyle Fighter began the quest for the
                  | Orb.
     0 | D:1      | Reached XP level 1. HP: 14/14 MP: 1/1
   367 | D:1      | Reached XP level 2. HP: 19/19 MP: 2/2
   526 | D:1      | Reached XP level 3. HP: 12/24 MP: 3/3
   527 | D:1      | Reached skill level 4 in Fighting
  1589 | D:2      | Found a glowing silver altar of Zin.
  1609 | D:2      | Reached XP level 4. HP: 30/30 MP: 4/4
  1794 | D:2      | Found a sacrificial altar of Ru.
  2342 | D:3      | Reached XP level 5. HP: 33/34 MP: 5/5
  2397 | D:3      | Reached skill level 5 in Fighting
  2704 | D:3      | Found a glowing golden altar of the Shining One.
  2714 | D:3      | Found a shimmering altar of Xom.
  2718 | D:3      | Found a blossoming altar of Fedhas.
  2730 | D:3      | Became a worshipper of Xom of Chaos
  2749 | D:3      | XOM: silly message
  2795 | D:3      | Reached XP level 6. HP: 40/40 MP: 6/6
  3182 | D:4      | XOM: potion effect (might)
  3188 | D:4      | Reached skill level 6 in Fighting
  3204 | D:4      | XOM: silly message
  3337 | D:4      | Found a shattered altar of Ashenzari.
  3654 | D:4      | Reached skill level 5 in Maces & Flails
  3654 | D:4      | Reached XP level 7. HP: 35/47 MP: 7/7
  3910 | D:4      | XOM is BORED!
  3958 | D:5      | Entered Level 5 of the Dungeon
  4047 | D:5      | XOM: divination: magic mapping
  4054 | D:5      | Reached skill level 7 in Fighting
  4083 | D:5      | Noticed Prince Ribbit
  4097 | D:5      | XOM: noise
  4103 | D:5      | XOM: enchant monster (good)
  4118 | D:5      | XOM: cast spell 'Summon Butterflies'
  4130 | D:5      | XOM: potion effect (heal wounds)
  4133 | D:5      | XOM: confuse monster(s)
  4140 | D:5      | Killed Prince Ribbit
  4320 | D:5      | Reached XP level 8. HP: 52/53 MP: 8/8
  4378 | D:5      | Noticed Menkaure
  4381 | D:5      | XOM: divination: detect items
  4386 | D:5      | XOM: confuse monster(s)
  4394 | D:5      | Killed Menkaure
  4398 | D:5      | XOM: potion effect (haste)
  4498 | D:5      | Reached skill level 8 in Fighting
  4556 | D:5      | XOM: 1-stop teleportation journey
  4615 | D:5      | XOM: 2-stop teleportation journey
  4744 | D:5      | Found a glowing silver altar of Zin.
  4744 | D:5      | Noticed an angel
  4751 | D:5      | Found a runed translucent door.
  4924 | D:5      | XOM: silly message
  5000 | D:5      | Noticed Grinder
  5006 | D:5      | Paralysed by Grinder for 2 turns
  5010 | D:5      | XOM: summons friendly iron imp
  5053 | D:5      | Paralysed by Grinder for 4 turns
  5066 | D:5      | Killed Grinder
  5117 | D:5      | Found Baoj's Gadget Boutique.
  5283 | D:6      | Noticed Maggie
  5290 | D:6      | Reached skill level 9 in Fighting
  5298 | D:6      | Killed Maggie
  5298 | D:6      | Reached XP level 9. HP: 57/61 MP: 9/9
  5602 | D:6      | Found a radiant altar of Vehumet.
  5630 | D:6      | Found Hutyclex's Weapon Shop.
  6003 | D:6      | XOM: noise
  6154 | D:6      | XOM is BORED!
  6154 | D:6      | XOM: noise
  6194 | D:7      | Found a staircase to the Ecumenical Temple.
  6273 | D:7      | Reached skill level 10 in Fighting
  6307 | D:7      | XOM: summons friendly iron imp
  6501 | D:7      | XOM: fake destruction
  6549 | D:7      | XOM: cloud trail
  6563 | D:7      | Found a sand-covered staircase.
  6599 | Ossuary  | Entered an ossuary
  6889 | Ossuary  | XOM is BORED!
  6889 | Ossuary  | XOM: confusion (+ monsters)
  7082 | D:7      | XOM: 7-stop teleportation journey
  7136 | D:7      | Reached skill level 11 in Fighting
  7166 | D:7      | XOM: 2-stop teleportation journey
  7318 | D:7      | XOM: noise
  7324 | D:7      | Found Sutufys's Antique Weapon Shoppe.
  7330 | D:7      | Bought a glowing morningstar for 168 gold pieces
  7391 | D:7      | Reached skill level 10 in Maces & Flails
  7391 | D:7      | Reached XP level 10. HP: 66/69 MP: 10/10
  7434 | Temple   | Entered the Ecumenical Temple
  7506 | Temple   | Fell from the grace of Xom
  7506 | Temple   | Became a worshipper of Cheibriados the Contemplative
  7689 | D:8      | Found a staircase to the Lair.
  7689 | D:8      | XOM: 4-stop teleportation journey
  7694 | D:8      | Reached skill level 1 in Invocations
  7745 | D:8      | Noticed Psyche
  7758 | D:8      | Killed Psyche
  7893 | D:8      | Noticed a two-headed ogre
  7915 | D:8      | Killed a two-headed ogre
  7934 | D:8      | Reached * piety under Cheibriados
  8542 | D:8      | XOM: draining
  8769 | D:8      | Found a burning altar of Makhleb.
  8770 | D:8      | Found a radiant altar of Vehumet.
  8881 | D:9      | Reached skill level 12 in Fighting
  8985 | D:8      | XOM: summons 2 hostile shadow creatures
  9041 | Lair:1   | Entered Level 1 of the Lair of Beasts
  9045 | Lair:1   | Noticed a spiny frog
  9068 | Lair:1   | Killed a spiny frog
  9477 | D:9      | Noticed Harold
  9480 | D:9      | Noticed Joseph
  9483 | D:9      | Noticed Erolcha
  9489 | D:9      | Killed Harold
  9489 | D:9      | Killed Joseph
  9490 | D:9      | Killed Erolcha
  9522 | D:9      | XOM: give mutations
  9522 | D:9      | Gained mutation: You possess an exceptional clarity of
                  | mind. [Xom's mischief]
  9522 | D:9      | Gained mutation: You are robust. (+10% HP) [Xom's mischief]
  9522 | D:9      | Gained mutation: You are partially covered in thin metallic
                  | scales. (AC +2) [Xom's mischief]
  9712 | D:9      | Reached XP level 11. HP: 80/83 MP: 13/13
  9971 | D:9      | Noticed Erica
  9985 | D:9      | Killed Erica
 10026 | D:9      | Reached ** piety under Cheibriados
 10261 | D:9      | XOM: give mutations
 10261 | D:9      | Lost mutation: You are robust. (+10% HP) [Xom's mischief]
 10261 | D:9      | Gained mutation: You are weak. (Str -2) [Xom's mischief]
 10261 | D:9      | Gained mutation: You have an increased reservoir of magic.
                  | (+10% MP) [Xom's mischief]
 10281 | D:9      | XOM: stat loss: -2 Str (20/22)
 10565 | D:9      | XOM: give mutations
 10565 | D:9      | Lost mutation: You are weak. (Str -2) [Xom's mischief]
 10565 | D:9      | Lost mutation: You are partially covered in thin metallic
                  | scales. (AC +2) [Xom's mischief]
 10565 | D:9      | Gained mutation: Scrolls take you a little longer to read.
                  | [Xom's mischief]
 10590 | D:10     | Entered Level 10 of the Dungeon
 10842 | D:10     | XOM: 4-stop teleportation journey
 10928 | D:10     | XOM: summons 3 hostile shadow creatures
 11148 | D:10     | Found a staircase to the Orcish Mines.
 11701 | Lair:1   | XOM: give mutations
 11701 | Lair:1   | Gained mutation: You are clumsy. (Dex -2) [Xom's mischief]
 11701 | Lair:1   | Gained mutation: Your muscles are strong. (Str +2) [Xom's
                  | mischief]
 11701 | Lair:1   | Gained mutation: You are dopey. (Int -2) [Xom's mischief]
 11701 | Lair:1   | Gained mutation: Your body sometimes deteriorates upon
                  | taking damage. [Xom's mischief]
 11832 | Lair:1   | XOM: noise
 11928 | Lair:1   | Reached *** piety under Cheibriados
 12123 | Lair:1   | XOM: divination: detect creatures
 12417 | Lair:2   | Reached skill level 13 in Fighting
 12417 | Lair:2   | Reached skill level 5 in Armour
 12417 | Lair:2   | Reached skill level 5 in Shields
 12417 | Lair:2   | Reached skill level 5 in Invocations
 12716 | Lair:2   | Found a hole to the Spider Nest.
 12716 | Lair:2   | XOM: 2-stop teleportation journey
 12745 | Lair:2   | XOM: 2-stop teleportation journey
 12869 | Lair:2   | Noticed a six-headed hydra
 12872 | Lair:2   | Noticed a four-headed hydra
 12876 | Lair:2   | Killed a six-headed hydra
 12883 | Lair:2   | Killed a four-headed hydra
 12883 | Lair:2   | Reached XP level 12. HP: 59/84 MP: 17/17
 13002 | Lair:2   | Found a staircase to the Swamp.
 13280 | Lair:2   | XOM: silly message
 13299 | Lair:2   | XOM: silly message
 13858 | Lair:3   | XOM: silly message
 13883 | Lair:3   | XOM: silly message
 13883 | Lair:3   | Was forgiven by Xom
 13992 | Lair:3   | Reached **** piety under Cheibriados
 15395 | Lair:4   | Reached skill level 14 in Fighting
 15528 | Lair:4   | You fall into a shaft and drop 1 floor!
 15580 | Lair:5   | Noticed a five-headed hydra
 15591 | Lair:5   | Killed a five-headed hydra
 15939 | Lair:4   | Lost mutation: Scrolls take you a little longer to read.
                  | [potion of mutation]
 15939 | Lair:4   | Lost mutation: You possess an exceptional clarity of mind.
                  | [potion of mutation]
 15939 | Lair:4   | Gained mutation: You are covered in fur. (AC +1) [potion of
                  | mutation]
 15939 | Lair:4   | Lost mutation: Your body sometimes deteriorates upon taking
                  | damage. [potion of mutation]
 15939 | Lair:4   | Gained mutation: You expend magic power (3 MP) to
                  | strengthen your wands. [potion of mutation]
 16022 | Lair:4   | Reached ***** piety under Cheibriados
 16051 | Lair:4   | Reached XP level 13. HP: 91/91 MP: 20/20
 16245 | Lair:4   | Got a steaming plate armour
 16702 | Lair:4   | Identified the +6 plate armour of the Comet {Harm MR+} (You
                  | found it on level 4 of the Lair of Beasts)
 16772 | Lair:5   | Identified the Disquisition on Helpful Ignition
 16944 | Lair:5   | Found a staircase to the Slime Pits.
 17088 | Lair:6   | Entered Level 6 of the Lair of Beasts
 17799 | Lair:5   | Reached ****** piety under Cheibriados
 18052 | Lair:6   | Reached skill level 1 in Dodging
 18208 | Lair:6   | Gained mutation: Your large and strong wings let you fly
                  | indefinitely. [Gargoyle growth]
 18208 | Lair:6   | Reached XP level 14. HP: 77/96 MP: 22/22
 18342 | Lair:6   | Reached skill level 15 in Fighting
 18661 | Lair:6   | Found the +8 mithril axe "Arga" {speed, MR+}
 19440 | Orc:1    | Entered Level 1 of the Orcish Mines
 19475 | D:11     | Found a frozen archway.
 19484 | IceCv    | Entered an ice cave
 20295 | IceCv    | Got a warped pewter ring
 20310 | IceCv    | Identified the ring "Sesoutz" {Fire Int+3} (You found it in
                  | an ice cave)
 20847 | D:11     | Reached skill level 10 in Invocations
 21661 | D:12     | Noticed Azrael
 21679 | D:12     | Killed Azrael
 21747 | D:12     | Found a flickering gateway to a bazaar.
 21753 | Bazaar   | Entered a bazaar
 21753 | Bazaar   | Found Ugotu's Book Boutique.
 21753 | Bazaar   | Found Cebb's Weapon Shoppe.
 21753 | Bazaar   | Found Muituwno's Magic Scroll Shop.
 21753 | Bazaar   | Found Ymiupho's Distillery.
 21998 | Bazaar   | Found Vicoabbi's General Store.
 21998 | Bazaar   | Found Qeil's Food Emporium.
 22028 | Bazaar   | Bought a potion of heal wounds for 60 gold pieces
 22039 | Bazaar   | Bought a scroll of acquirement for 780 gold pieces
 22052 | Bazaar   | Bought a +2 flail of holy wrath for 146 gold pieces
 22052 | Bazaar   | Bought a scroll of fear for 28 gold pieces
 22055 | Bazaar   | Bought a scroll of teleportation for 45 gold pieces
 22055 | Bazaar   | Bought a scroll of identify for 30 gold pieces
 22055 | Bazaar   | Bought a scroll of summoning for 142 gold pieces
 22055 | Bazaar   | Bought a scroll of identify for 30 gold pieces
 22055 | Bazaar   | Bought a scroll of teleportation for 45 gold pieces
 22055 | Bazaar   | Bought a scroll of magic mapping for 52 gold pieces
 22055 | Bazaar   | Bought a scroll of fog for 30 gold pieces
 22552 | D:12     | Noticed Josephine
 22560 | D:12     | Killed Josephine
 22578 | D:12     | Reached XP level 15. HP: 88/103 MP: 25/25
 22658 | D:12     | Noticed Frances
 22677 | D:12     | Killed Frances
 23249 | D:13     | Found a gate to the Vaults.
 23547 | D:13     | Cast into level 3 of the Abyss (a wizard)
 23547 | Abyss:3  | Found a corrupted altar of Lugonu.
 23561 | Abyss:3  | Lost mutation: You are clumsy. (Dex -2) [potion of
                  | mutation]
 23561 | Abyss:3  | Lost mutation: You are dopey. (Int -2) [potion of mutation]
 23561 | Abyss:3  | Gained mutation: You are partially covered in molten
                  | scales. (AC +2) [potion of mutation]
 23561 | Abyss:3  | Gained mutation: You have a somewhat thin skeletal
                  | structure. (Dex +2, Stealth) [potion of mutation]
 23606 | Abyss:3  | Reached skill level 5 in Dodging
 23606 | Abyss:3  | Reached skill level 10 in Shields
 23995 | Abyss:3  | Noticed a tentacled starspawn
 24027 | Abyss:3  | Reached skill level 10 in Armour
 24203 | Abyss:3  | Noticed a bone dragon
 24224 | Abyss:3  | Killed a bone dragon
 24336 | Abyss:3  | Killed a tentacled starspawn
 24439 | Abyss:3  | Found a corrupted altar of Lugonu.
 24443 | Abyss:3  | Noticed an Executioner
 24481 | Abyss:3  | Noticed a bone dragon
 24486 | D:13     | Escaped the Abyss
 24506 | D:13     | Paralysed by a wizard for 5 turns
 24527 | D:13     | Paralysed by a wizard for 7 turns
 24699 | D:13     | Reached skill level 15 in Maces & Flails
 24743 | D:13     | Killed a bone dragon
 25239 | D:13     | Identified the cursed +0 leather armour of Jiethres {*Slow
                  | rPois Str-4 Stlth+}
 25636 | D:13     | Reached skill level 16 in Fighting
 25636 | D:13     | Reached XP level 16. HP: 110/110 MP: 27/27
 26742 | Orc:1    | Noticed Sonja
 26771 | Orc:1    | Cast into level 1 of the Abyss (Sonja)
 26789 | Abyss:1  | Noticed a revenant
 26797 | Abyss:1  | Got a distressingly furry chain mail
 26804 | Abyss:1  | Noticed a tentacled starspawn
 26805 | Abyss:1  | Killed a revenant
 26821 | Abyss:1  | Killed a tentacled starspawn
 27106 | Abyss:1  | Noticed a tentacled starspawn
 27343 | Abyss:1  | Noticed a tentacled starspawn
 27363 | Abyss:1  | Killed a tentacled starspawn
 27757 | Abyss:1  | Gained mutation: You have a pair of small antennae on your
                  | head. [a neqoxec]
 27793 | Abyss:1  | Noticed a tentacled starspawn
 27804 | Abyss:1  | Killed a tentacled starspawn
 28119 | Abyss:1  | Noticed a tentacled starspawn
 28132 | Abyss:1  | Killed a tentacled starspawn
 28150 | Abyss:1  | Noticed a tentacled starspawn
 28163 | Abyss:1  | Killed a tentacled starspawn
 28169 | Orc:1    | Escaped the Abyss
 28387 | Orc:1    | Cast into level 1 of the Abyss (Sonja)
 28487 | Abyss:1  | Gained mutation: You are dopey. (Int -2) [a neqoxec]
 28538 | Abyss:1  | Noticed a tentacled starspawn
 28550 | Abyss:1  | Killed a tentacled starspawn
 28755 | Abyss:1  | Identified the Grimoire of Evil Hexes
 28811 | Orc:1    | Escaped the Abyss
 28818 | Orc:1    | Killed Sonja
 28855 | D:10     | Identified the +6 chain mail "Ediucev" {Str+4} (You found
                  | it on level 1 of the Abyss)
 29595 | Orc:2    | Entered Level 2 of the Orcish Mines
 29595 | Orc:2    | Found a staircase to the Elven Halls.
 29656 | Orc:2    | Reached XP level 17. HP: 115/116 MP: 29/29
 29755 | Orc:2    | Upgraded the game from 0.25.0-15-gac7dcb8919 to
                  | 0.25.0-26-g0c896c7088
 29802 | Orc:2    | Found Doucwomn's Jewellery Boutique.
 31109 | Orc:2    | Found Yshraz's General Store.
 31110 | Orc:2    | Found Gituwk's Jewellery Shop.
 31112 | Orc:2    | Found Eddezita's Antique Armour Boutique.
 31112 | Orc:2    | Found Qiefidu's Antique Weapon Boutique.
 31212 | Orc:2    | Bought a pair of runed boots for 172 gold pieces
 31222 | Orc:2    | Identified a +0 pair of boots of running (You bought it in
                  | a shop on level 2 of the Orcish Mines)
 31311 | Orc:2    | Bought the ring of Shadows {Umbra +Inv Stlth+} for 560 gold
                  | pieces
 31311 | Orc:2    | Found the ring of Shadows {Umbra +Inv Stlth+}
 31311 | Orc:2    | Bought an uncursed ring of see invisible for 210 gold
                  | pieces
 32143 | D:15     | Entered Level 15 of the Dungeon
 32557 | D:15     | Paralysed by a wizard for 4 turns
 32903 | D:15     | Found a staircase to the Depths.
 33340 | Swamp:1  | Entered Level 1 of the Swamp
 33667 | Swamp:1  | You are sucked into a shaft and drop 1 floor!
 33981 | Swamp:1  | Got a faintly glowing granite ring
 33982 | Swamp:1  | Identified the ring "Fusuaher" {*Tele *Drain Dex+7 SInv}
                  | (You found it on level 1 of the Swamp)
 35032 | Swamp:2  | Reached skill level 17 in Fighting
 35753 | Swamp:3  | Reached skill level 10 in Dodging
 35956 | Swamp:4  | Entered Level 4 of the Swamp
 37104 | Swamp:4  | Reached XP level 18. HP: 104/124 MP: 31/31
 37760 | Swamp:4  | Got a decaying rune of Zot
 37958 | Spider:1 | Entered Level 1 of the Spider Nest
 38048 | Spider:1 | Reached skill level 1 in Evocations
 39053 | Elf:1    | Entered Level 1 of the Elven Halls
 39185 | Elf:1    | Found a radiant altar of Vehumet.
 39199 | Elf:1    | Found a magical portal.
 39214 | WizLab   | Entered Wucad Mu's Monastery
 39346 | WizLab   | HP: 1/124 [grey draconian monk[old memories] (6)]
 39348 | WizLab   | Slain by a monstrous demonspawn

Illustrated notes

Levels and vault maps discovered:
D:1:      erik_arrival_cave_to_civilisation [erik_arrival_cave_to_hall],
          layout_rooms, kennysheep_boxes
D:2:      layout_loops_cross, lemuel_coloured_pillars_altar, lemuel_round_altar,
          first_ration
D:3:      layout_basic, minmay_overflow_temple_star_quad
D:4:      layout_loops_ring, evilmike_ruin_ashenzari
D:5:      layout_loops_cross, serial_shops, shop, lemuel_angel_altar,
          uniq_prince_ribbit1, uniq_grinder, uniq_menkaure
D:6:      layout_cave_pods, serial_shops, nicolae_shop_stone, minivault_19,
          vehumet_altar_wand_db, uniq_maggie
D:7:      layout_loops_ring, minmay_temple_entry_butterflies, serial_shops,
          nicolae_shop_waterfront, lightli_ossuary_entry_decrepit_ruins
D:8:      layout_gridville, grunt_temple_overflow_lords_of_destruction,
          dpeg_oklobed_lair, uniq_psyche
D:9:      layout_stronghold, uniq_harold, uniq_erolcha, uniq_joseph, uniq_erica
D:10:     layout_roguey, orc_0_dummy
D:11:     layout_loops_cross, portal_ice_cave_entry_pillars_1
D:12:     layout_basic, serial_corexii_hall, corexii_hall_statues_i,
          corexii_hall_statues_u, serial_shops, bzr_entry_safe, uniq_frances,
          uniq_azrael, uniq_josephine
D:13:     minmay_tri_stars, layout_basic, erik_vaults_1
D:14:     layout_cave_pools
D:15:     grunt_enter_depths_magical_seal, layout_cave_pools,
          grunt_decor_one_mirror
Temple:   nicolae_temple_great_sept
Lair:1:   layout_cave_pods, dpeg_stationary_puzzle
Lair:2:   layout_roguey, palyth_hydra_swamp_entry, spider_nest_entry_web_field,
          serial_bayou_shore_a, grunt_megastairs_5
Lair:3:   layout_cave_pods
Lair:4:   layout_long_grid
Lair:5:   layout_concentric_octagons, dpeg_slime_entry_corner
Lair:6:   minmay_lair_end_frog_pond, layout_regular_city, enter_volcano_1,
          kennysheep_basilisk_garden
Swamp:1:  layout_basic_swamp, evilmike_swamp_ruin_rubble_2
Swamp:2:  layout_falls_marsh, hangedman_swamp_lotus
Swamp:3:  layout_basic_swamp, serial_swamp_ruin, evilmike_swamp_ruin_house_5,
          evilmike_swamp_ruin_rubble_1
Swamp:4:  swamp, layout_basic_swamp, infiniplex_staircase_pool
Spider:1: layout_spider_delve, ebering_ghost_rock_garden
Orc:1:    layout_caves, rock_pile, uniq_sonja
Orc:2:    st_orc_congregation, layout_caves, serial_shops, shop_statue
Elf:1:    eino_elf_arrival_the_gate, layout_gridlike,
          infiniplex_enter_wizlab_water, basic_altar, hangedman_corner_corridor,
          lemuel_flamethrower_2, grunt_megastairs_3, minmay_shoptagon,
          uniq_nikola
WizLab:   wizlab_wucad

Skill      XL: |  1  2  3  4  5  6  7  8  9 10 11 12 13 14 15 16 17 18 |
---------------+-------------------------------------------------------+-----
Fighting       | 4 5 6 7 9 11 12 13 14 15 16 17 | 17.5
Maces & Flails | 3 4 5 6 8 10 11 12 13 14 15 16 | 16.4
Invocations    | 3 5 7 8 10 12 13 | 13.6
Armour         | 5 7 8 9 10 11 12 13 | 13.0
Shields        | 5 7 8 9 10 12 14 | 14.9
Dodging        | 1 4 6 8 10 11 | 11.1
Evocations     | 2 |  2.0

Action                   |  1- 3 |  4- 6 |  7- 9 | 10-12 | 13-15 | 16-18 || total
-------------------------+-------+-------+-------+-------+-------+-------++-------
Melee: Flail             |   145 |   183 |   415 |   667 |  1308 |  1811 ||  4529
       Whip              |    20 |       |       |       |       |       ||    20
       Mace              |       |    34 |       |       |       |       ||    34
Throw: Stone             |       |     3 |     5 |       |       |       ||     8
       Dart              |       |     2 |     6 |       |       |       ||     8
       Throwing net      |       |       |     5 |     2 |     2 |       ||     9
       Boomerang         |       |       |     5 |    24 |    76 |   146 ||   251
Invok: Slouch            |       |       |       |       |     1 |     8 ||     9
       Step From Time    |       |       |       |       |       |     2 ||     2
 Abil: Fly               |       |       |       |       |     2 |     1 ||     3
       Stop Flying       |       |       |       |       |     2 |     1 ||     3
       Evoke Invisibilit |       |       |       |       |       |     1 ||     1
Evoke: Wand              |       |       |     1 |       |     5 |     7 ||    13
       Phantom mirror    |       |       |       |       |       |     2 ||     2
  Use: Scroll            |     5 |     2 |     9 |     6 |    11 |    10 ||    43
       Potion            |       |       |     3 |     6 |     5 |     8 ||    22
 Stab: Confused          |       |       |     2 |       |       |     5 ||     7
       Sleeping          |       |       |       |     1 |       |     2 ||     3
       Invisible         |       |       |       |     1 |       |       ||     1
       Held in net/web   |       |       |       |     1 |       |       ||     1
       Distracted        |       |       |       |       |       |     3 ||     3
  Eat: Chunk             |     3 |     6 |    10 |    14 |    12 |    20 ||    65
       Ration            |       |       |     1 |       |     2 |     2 ||     5
Armor: Scale mail        |    79 |   128 |    50 |       |   484 |   699 ||  1440
       Ring mail         |       |       |   139 |   337 |   216 |       ||   692
Dodge: Dodged            |    38 |    68 |    93 |   209 |   816 |  1970 ||  3194
Block: Kite shield       |    80 |   128 |   142 |   340 |    37 |       ||   727
       Buckler           |       |       |       |       |   581 |  1111 ||  1692
